 Dungeon Crawl Stone Soup version 0.30.1-11-g7821555f0a (webtiles) character file.

Game seed: 9182242586884643576

535542 KyoPewz the Conqueror (level 26, -27/242 HPs)
             Began as a Merfolk Berserker on Jan 7, 2024.
             Was the Champion of Trog.
             Blown up by a lich (54 damage)
             ... with an orb of destruction
             ... on level 6 of the Abyss on Jan 8, 2024.
             The game lasted 04:20:54 (56100 turns).

KyoPewz the Conqueror (Merfolk Berserker)          Turns: 56100, Time: 04:20:54

Health: -27/242    AC: 38    Str: 25    XL:     26   Next: 36%
Magic:  0/23       EV: 18    Int:  8    God:    Trog [******]
Gold:   3478       SH: 31    Dex: 21    Spells: 25/25 levels left

rFire   + + .        c - +7 demon trident "Homoul" {elec, rC+ rN+ Will+ Int+3}
rCold   + + .        b - +9 kite shield "Eny Osoq" {rF++ Dex+4}
rNeg    + + .        r - +11 plate armour of Divine Compulsion {Will- Int-2 Slay+4 SInv}
rPois   +            U - +2 hat of the Bear Spirit {Spirit, Bear, *Rage Will++}
rElec   +            K - scarf {repulsion}
rCorr   .            W - +2 pair of gloves {Dex+3}
SInv    +            f - +2 pair of boots
Will    +++++        L - amulet of reflection Stlth
                     m - ring "Teutiahe" {Ice rElec rPois rN+ Dex-5}
HPRegen 1.00/turn    F - ring of protection from fire
MPRegen 0.18/turn

%: random rage (20%), repel missiles, reflection, guardian spirit
@: strong-willed, on berserk cooldown, sick, regenerating, slowed, studying
Short Blades, silenced, very slow
A: (nimble swimmer 2), mertail, agile 1, sense surroundings 1
}: 2/15 runes: serpentine, barnacled
a: Renounce Religion


You were on level 6 of the Abyss.
You worshipped Trog.
Trog was exalted by your worship.
You visited 9 branches of the dungeon, and saw 42 of its levels.
You visited the Abyss 6 times.
You also visited: Trove, Gauntlet, Ice Cave and Desolation.

You collected 6367 gold pieces.
You spent 2889 gold pieces at shops.

Inventory:

Hand Weapons
 c - the +7 demon trident "Homoul" (weapon) {elec, rC+ rN+ Will+ Int+3}
   (You acquired it on level 10 of the Dungeon)

   Int:       It affects your intelligence (+3).
   rC:        It protects you from cold.
   rN:        It protects you from negative energy.
   Will:      It increases your willpower.
Missiles
 J - 8 throwing nets (quivered)
Armour
 b - the +9 kite shield "Eny Osoq" (worn) {rF++ Dex+4}
   (You acquired it on level 10 of the Dungeon)

   Dex:       It affects your dexterity (+4).
   rF:        It greatly protects you from fire.
 f - a +2 pair of boots (worn)
 k - the +18 shield of the Gong {Loud rN+ Will+ rCorr EV-5}
   (You found it in a treasure trove)

   Loud:      It is deafeningly noisy when blocking attacks.
   EV:        It affects your evasion (-5).
   rN:        It protects you from negative energy.
   rCorr:     It protects you from acid and corrosion.
   Will:      It increases your willpower.
 r - the +11 plate armour of Divine Compulsion (worn) {Will- Int-2 Slay+4 SInv}
   (You found it on level 4 of the Shoals)

   Int:       It affects your intelligence (-2).
   Slay:      It affects your accuracy & damage with ranged weapons and melee
   (+4).
   SInv:      It lets you see invisible.
   Will:      It decreases your willpower.
 K - a scarf of repulsion (worn)
 U - the +2 hat of the Bear Spirit (worn) {Spirit, Bear, *Rage Will++}
   (You found it on level 1 of the Shoals)

   Bear:      Going berserk makes the wearer exceptionally tough, and they are
   slowed for a shorter time afterward.
   *Rage:     It berserks you when you make melee attacks (+20% chance).
   Will:      It greatly increases your willpower.
 W - a +2 pair of gloves of dexterity (worn)
Jewellery
 m - the ring "Teutiahe" (left hand) {Ice rElec rPois rN+ Dex-5}
   (You found it in an ice cave)

   [ring of ice]

   It enhances your ice magic.
   Dex:       It affects your dexterity (-5).
   rF:        It makes you vulnerable to fire.
   rC:        It protects you from cold.
   rElec:     It insulates you from electricity.
   rPois:     It protects you from poison.
   rN:        It protects you from negative energy.
 C - a ring of resist corrosion
 F - a ring of protection from fire (right hand)
 I - the ring of Jeoda {rC+ Str+6 Dex+3 Stlth+}
   (You bought it in a shop on level 2 of the Orcish Mines)

   [ring of strength]

   Str:       It affects your strength (+6).
   Dex:       It affects your dexterity (+3).
   rC:        It protects you from cold.
   Stlth:     It makes you more stealthy.
 L - an amulet of reflection (around neck)
Wands
 i - a wand of polymorph (16)
 s - a wand of mindburst (17)
 u - a wand of iceblast (39)
 v - a wand of light (15)
 D - a wand of digging (3)
 M - a wand of charming (27)
Scrolls
 a - 5 scrolls of enchant armour
 e - 9 scrolls of immolation
 g - 6 scrolls of fear
 j - a scroll of summoning
 o - 5 scrolls of torment
 p - 10 scrolls of fog
 t - 22 scrolls of teleportation
 y - 8 scrolls of magic mapping
 B - 2 scrolls of blinking
 Q - 9 scrolls of poison
 S - 3 scrolls of silence
Potions
 d - 7 potions of might
 h - 11 potions of haste
 n - 10 potions of resistance
 q - 25 potions of curing
 w - 10 potions of lignification
 x - 11 potions of attraction
 A - 6 potions of mutation
 E - 3 potions of invisibility
 T - 4 potions of flight
 X - 6 potions of cancellation
Miscellaneous
 z - a box of beasts
 H - a phial of floods (inert)
 R - a phantom mirror
 Z - a condenser vane


   Skills:
 O Level 27 Fighting
 - Level 20.0 Polearms
 + Level 17.1 Armour
 - Level 18.0 Dodging
 - Level 20.0 Shields
 - Level 20.0 Evocations


You had 25 spell levels left.
You didn't know any spells.
Your spell library was empty.

Dungeon Overview and Level Annotations

Branches:
Dungeon (15/15)            Temple (1/1) D:7            Lair (5/5) D:9
 Shoals (4/4) Lair:2        Snake (4/4) Lair:2        Slime (0/5) Lair:4
    Orc (2/2) D:9             Elf (3/3) Orc:2        Vaults (4/5) D:13
  Crypt (0/3) Vaults:2     Depths (4/4) D:15            Zot (0/5) Depths:4
  IceCv (visited)         Desolation (visited)      Gauntlet (visited)

Altars:
Ashenzari
Cheibriados
Dithmenos
Gozag
Kikubaaqudgha
Okawaru
Qazlal
Sif Muna
Vehumet
Wu Jian
Yredelemnul
The Shining One
Jiyva
Lugonu

Shops:
D:10 ([***   Orc:2 ([*=   Elf:1 [:[(   Shoals:1 [   Snake:3 (   Snake:4 [[:
Vaults:2 =   Vaults:3 ?   Depths:4 *

Portals:
Hell: Depths:1 Depths:2 Depths:3 Depths:4
Abyss: Lair:5 Depths:3
Pandemonium: Depths:2
Ziggurat: Depths:3

Annotations:
Elf:2 3 runed translucent doors, infcreate's ghost, adept DECj


Innate Abilities, Weirdness & Mutations

((You are very nimble when in or above water. (Stealth+, EV+, Speed+++)))
Your lower body shifts to a powerful aquatic tail in water.
You are agile. (Dex +4, Str/Int -1)
You passively map a small area around you.


Message History

Your ancient zyme hits the lich.
Your ancient zyme hits the lich but does no damage.
Reach: c) +7 demon trident "Homoul" {elec, rC+ rN+ Will+ Int+3}
Press: ? - help, Dir - move target, f/p - lich
Aim: a lich (almost destroyed, fast, slightly transparent, not watching you, ally target, haloed, about 11% to evade the +7 demon trident "Homoul")
You could not reach far enough!
Your tormentor hits the lich.
Your tormentor hits the lich but does no damage.
The lich touches your tormentor.
Your tormentor writhes in pain as voices assail its mind.
Your ancient zyme barely misses the lich. x2
Reach: c) +7 demon trident "Homoul" {elec, rC+ rN+ Will+ Int+3}
Press: ? - help, Dir - move target, f/p - lich
Aim: a lich (almost destroyed, fast, slightly transparent, not watching you, ally target, haloed, about 11% to evade the +7 demon trident "Homoul")
You could not reach far enough!
Your tormentor barely misses the lich.
Your tormentor hits the lich. The lich touches your tormentor.
Your tormentor dies!
Your tormentor dissolves into shadows!
Your ancient zyme hits the lich.
Your ancient zyme hits the lich but does no damage.
The lich conjures an orb of pure magic.
The wavering orb of destruction weakly hits your ancient zyme!!
Your ancient zyme is blown up!
Your ancient zyme dissolves into shadows!
You hear a bark!
You hear a roar!
Reach: c) +7 demon trident "Homoul" {elec, rC+ rN+ Will+ Int+3}
Press: ? - help, Dir - move target, f/p - lich
Aim: a lich (almost destroyed, fast, slightly transparent, unaware, hasn't noticed you, haloed, about 11% to evade the +7 demon trident "Homoul")
You reach to attack!
The lich shouts!
You hit the lich but do no damage.
The lich is almost destroyed.
The lich conjures a glowing orb.
An orb of destruction comes into view.
The lich points at you and mumbles some strange words.
The bolt of cold hits you! You resist.
* * * LOW HITPOINT WARNING * * *
The cherub sings a powerful hymn!
The cherub goes into a battle-frenzy!
The orb of destruction hits you!!!
You die...

+#
##⌠##
##@..##
#.○_..#
##○..##
##L##
X# #
w## # #


LXA . .. . #. xA.# * D. ... ..§§ .. . You could see 2 tentacled starspawn, a
lich (fast, invisible), 2 cherubim, a worldbinder and a starspawn tentacle.

Vanquished Creatures
  2 dread liches
  2 ancient liches
  Mara (Vaults:2)
  Mennas (Vaults:2)
  A juggernaut (Abyss:6)
  Saint Roka (Vaults:2)
  Vashnia (Snake:4)
  Jory (Vaults:2)
  Nikola (Snake:4)
  A caustic shrike (Depths:3)
  A golden dragon (Depths:3)
  6 bone dragons
  A profane servitor (Abyss:6)
  A pearl dragon (Abyss:4)
  Mlioglotl (Lair:2)
  A walking crystal tome (Depths:4)
  4 tentacled monstrosities
  Zenata (Elf:2)
  A quicksilver dragon (Depths:3)
  A walking divine tome (Depths:3)
  3 liches
  4 deep elf blademasters
  5 sphinxes
  4 deep elf master archers (Elf:3)
  A kraken (Shoals:4)
  2 Executioners (Abyss:6)
  15 tentacled starspawn
  The ghost of Zedyvir the Thaumaturge, an adept DsCj of Ashenzari (Shoals:3)
  A thorn hunter (Abyss:5)
  4 shadow dragons
  A daeva (Abyss:4)
  4 tengu reavers
  A revenant (Abyss:4)
  Roxanne (Shoals:4)
  4 fenstrider witches (Depths:2)
  A draconian knight (Depths:4)
  Ilsuiw (Shoals:4)
  4 nagarajas
  7 fire giants
  4 deep elf sorcerers
  Louise (Snake:1)
  An imperial myrmidon (Desolation)
  13 vault wardens
  A draconian scorcher (Abyss:6)
  2 frost giants
  A ghost moth (Abyss:5)
  Aizul (Snake:1)
  2 angels (Abyss:5)
  2 orc warlords
  2 cacodemons (Abyss:6)
  2 balrugs
  2 deep elf elementalists (Elf:3)
  3 reapers
  A draconian shifter (Abyss:6)
  2 war gargoyles
  A draconian stormcaller (Abyss:6)
  9 stone giants
  A draconian annihilator (Depths:4)
  30 very ugly things
  11 ironbound thunderhulks
  20 ironbound preservers
  5 ophanim
  Nessos (Lair:4)
  2 lorocyprocas (Abyss:6)
  A black draconian (Depths:4)
  3 elemental wellsprings (Shoals:1)
  2 green draconians (Depths:4)
  A minotaur (Gauntlet)
  3 deep elf demonologists
  8 dire elephants
  A deep elf annihilator (Elf:3)
  The ghost of raetorn the Severer, a journeyman MiFi of Xom (Lair:3)
  6 vampire knights
  A bunyip (Abyss:5)
  A red draconian (Depths:4)
  5 spark wasps
  A yellow draconian (Depths:4)
  8 ettins
  2 merfolk javelineers (Shoals:4)
  5 deep elf death magi (Elf:3)
  2 blizzard demons (Depths:1)
  9 crystal guardians
  8 ragged hierophants (Desolation)
  A green death (Depths:1)
  2 entropy weavers (shapeshifter) (Lair:5)
  6 fire dragons
  9 merfolk impalers
  A deep elf high priest (Elf:3)
  3 rakshasas
  3 entropy weavers
  5 great orbs of eyes
  5 ice dragons
  11 yaktaur captains
  6 hydras
  13 vault guards
  8 salamander tyrants
  A catoblepas (D:14)
  A great orb of eyes (shapeshifter) (Abyss:6)
  10 ironbound frosthearts
  2 spriggan air magi
  2 ogre magi
  6 merfolk aquamancers
  Erolcha (D:12)
  16 anacondas
  A merfolk avatar (Shoals:1)
  18 centaur warriors
  11 peacekeepers
  5 servants of whispers (Desolation)
  An anaconda (shapeshifter) (Lair:5)
  A two-headed ogre (shapeshifter) (Abyss:6)
  3 alligator snapping turtles
  29 dancing weapons
  2 satyrs (Shoals:3)
  8 boulder beetles
  2 two-headed ogres
  4 deep troll shamans (Depths:2)
  5 tengu warriors
  A vampire mage (D:15)
  3 hell hogs
  7 orc high priests
  8 deep troll earth magi
  35 thrashing horrors
  21 naga warriors
  8 spriggan berserkers
  2 sun demons (Depths:1)
  7 naga sharpshooters
  5 hell knights
  11 shock serpents
  A soul eater (Depths:1)
  17 deep elf knights
  3 shadow wraiths (Abyss:5)
  16 wretched stars
  5 skysharks
  2 skeletal warriors (D:15)
  5 iron trolls
  7 salamander mystics
  5 spatial maelstroms
  14 sea snakes
  4 sixfirhies
  48 deep trolls
  5 glowing orange brains
  7 deep elf archers
  3 flayed ghosts
  An orange crystal statue (IceCv)
  A kraken simulacrum (Shoals:4)
  A spriggan simulacrum (Snake:2)
  23 ironbound convokers
  7 naga ritualists
  4 orc knights
  6 lindwurms
  An obsidian statue (Depths:1)
  4 necromancers
  A harpy (shapeshifter) (Lair:5)
  12 wizards
  24 deep elf zephyrmancers
  47 starcursed masses
  20 harpies
  25 deep elf pyromancers
  18 manticores
  9 mana vipers
  A shining eye (Abyss:6)
  A stone giant zombie (D:15)
  A salamander (shapeshifter) (D:14)
  9 fauns
  15 salamanders
  53 ugly things
  5 orc sorcerers
  12 cyclopes
  2 will-o-the-wisps (Abyss:6)
  5 apocalypse crabs
  A rust devil (Abyss:5)
  15 merfolk sirens
  A black mamba (shapeshifter) (Elf:3)
  15 naga magi
  4 worldbinders
  9 water nymphs
  8 elephants
  31 black mambas
  9 cane toads
  17 guardian serpents
  A molten gargoyle (Desolation)
  2 unseen horrors
  9 smoke demons
  16 vault sentinels
  2 torpor snails (Lair:3)
  3 orange demons (D:12)
  3 efreet
  3 rime drakes
  2 anaconda simulacra (Snake:2)
  A yaktaur (shapeshifter) (Elf:1)
  An alligator snapping turtle skeleton (Abyss:3)
  A komodo dragon (shapeshifter) (Vaults:2)
  A hellion (Depths:1)
  6 yaktaurs
  6 komodo dragons
  4 freezing wraiths
  3 tengu conjurers
  11 ancient zymes
  A merfolk (shapeshifter) (Elf:3)
  5 trolls
  5 polar bears
  A queen bee (shapeshifter) (Depths:3)
  28 merfolk
  6 wind drakes
  3 hornets
  3 spriggan zombies (D:15)
  2 tyrant leeches (Abyss:5)
  52 saltlings (Desolation)
  37 raiju
  17 blink frogs
  The ghost of Ijustatesigmund the Conjurer, an amateur OpCj of Vehumet (D:4)
  13 dream sheep
  A tarantella (shapeshifter) (D:14)
  2 raiju (shapeshifter)
  10 snapping turtles
  8 flying skulls
  21 slime creatures
  17 water elementals
  5 spriggans
  An air elemental (Elf:3)
  The ghost of tadhg the Conjurer, an amateur DECj (D:3)
  4 wyverns
  4 shadows
  49 yaks
  2 vampires
  5 ynoxinuls
  19 humans (D:13)
  A dire elephant simulacrum (Snake:2)
  31 small abominations
  18 golden eyes
  8 basilisks
  4 chaos spawn
  4 fire elementals
  4 wraiths
  19 neqoxecs
  5 steam dragons
  2 redbacks
  12 vampire mosquitoes
  A golden eye (shapeshifter) (D:14)
  55 large abominations
  Edmund (D:4)
  4 wargs
  34 nagas
  2 harpy simulacra
  7 spatial vortices
  A swamp worm (shapeshifter) (Vaults:3)
  3 acid dragons
  A hydra simulacrum (IceCv)
  4 floating eyes
  A floating eye (shapeshifter) (Depths:1)
  6 water moccasins
  44 orc warriors
  An alligator simulacrum (Snake:2)
  A hell hound (Abyss:6)
  4 ice beasts
  2 black bears
  8 boggarts
  2 ogres
  16 wolves
  An ettin simulacrum (IceCv)
  16 centaurs
  A phantom (D:5)
  4 kobold brigands
  9 bullfrogs
  2 gnoll sergeants
  9 scorpions
  A deep troll simulacrum (Snake:2)
  4 earth elementals (Elf:1)
  14 wights
  A hornet simulacrum (D:15)
  10 killer bees (D:9)
  A lindwurm simulacrum (Snake:2)
  7 howler monkeys
  2 electric eels
  A quasit (Abyss:3)
  3 lava snakes
  3 gnoll boudas
  3 hounds
  2 jellies
  19 orc priests
  3 iguanas (D:6)
  Natasha (thrice) (D:2)
  27 orc wizards
  4 hell rats (Lair:3)
  8 adders
  15 gnolls
  2 shadow imps
  2 worms
  A dart slug (D:3)
  87 orcs
  9 ball pythons
  5 endoplasms
  4 giant cockroaches
  12 goblins
  5 hobgoblins
  8 quokkas
  7 bats
  4 frilled lizards
  20 kobolds
  7 rats
  5 lurking horrors
  7 starspawn tentacles
  2 tentacles (Shoals:4)
2216 creatures vanquished.

Vanquished Creatures (collateral kills)
  Margery (Vaults:2)
  A profane servitor (Abyss:5)
  A hellephant (Abyss:5)
  Frances (D:13)
  A balrug (Gauntlet)
  A very ugly thing (IceCv)
  An ironbound thunderhulk (Vaults:2)
  A ragged hierophant (Desolation)
  A servant of whispers (Desolation)
  A peacekeeper (Desolation)
  A hydra (D:13)
  A dancing weapon (Elf:2)
  A thrashing horror (Abyss:4)
  A wretched star (Abyss:5)
  2 orc knights (Vaults:2)
  A deep elf zephyrmancer (Elf:2)
  A deep elf pyromancer (Elf:2)
  A will-o-the-wisp (Abyss:5)
  A black mamba (Lair:4)
  An orange demon (Abyss:5)
  5 rime drakes (Lair:4)
  A komodo dragon (Lair:4)
  2 raiju (Abyss:5)
  A blink frog (Lair:4)
  5 saltlings (Desolation)
  A flying skull (Abyss:5)
  A wyvern (Lair:4)
  2 dire elephant simulacra (IceCv)
  2 yaks (Lair:4)
  2 harpy simulacra (IceCv)
  3 large abominations
  A hydra simulacrum (IceCv)
  2 hell hounds (Gauntlet)
  A small abomination (Abyss:6)
  A jelly (Lair:4)
  5 starcursed masses
56 creatures vanquished.

Vanquished Creatures (others)
  A naga sharpshooter (Snake:4)
  2 deep elf knights (Elf:3)
  3 deep elf zephyrmancers
  A manticore (Shoals:1)
  A large abomination (Elf:2)
  A naga mage (Snake:1)
  2 raiju
  A shadow (Abyss:6)
  A starcursed mass (Abyss:3)
  2 orcs
  2 foxfires (Abyss:5)
  A lurking horror (Abyss:4)
  36 starspawn tentacles
  9 tentacles (Shoals:4)
63 creatures vanquished.

Grand Total: 2335 creatures vanquished

Notes
Turn   | Place    | Note
-------+----------+-------------------------------------------
     0 | D:1      | KyoPewz the Merfolk Berserker began the quest for the Orb.
     0 | D:1      | Reached XP level 1. HP: 18/18 MP: 1/1
    74 | D:1      | Reached XP level 2. HP: 24/24 MP: 2/2
   104 | D:1      | Reached skill level 5 in Polearms
   399 | D:1      | Reached XP level 3. HP: 27/29 MP: 3/3
   416 | D:1      | Reached ** piety under Trog
   795 | D:2      | Noticed Natasha
   802 | D:2      | Killed Natasha
   803 | D:2      | Reached XP level 4. HP: 35/35 MP: 4/4
   894 | D:2      | Noticed Natasha
   909 | D:2      | Killed Natasha
  1072 | D:2      | Noticed Natasha
  1083 | D:2      | Killed Natasha
  1084 | D:2      | Reached XP level 5. HP: 27/41 MP: 2/5
  1538 | D:3      | Found a transporter.
  1539 | D:3      | Noticed tadhg's ghost (amateur DECj)
  1856 | D:3      | Found a broken altar of Ashenzari.
  1909 | D:3      | Noticed an ogre
  1959 | D:3      | Killed an ogre
  1960 | D:3      | Reached XP level 6. HP: 47/47 MP: 6/6
  2318 | D:3      | Found a transporter.
  2381 | D:4      | Found a runed translucent door.
  2381 | D:4      | Noticed Ijustatesigmund's ghost (amateur OpCj)
  2476 | D:4      | Killed Ijustatesigmund's ghost
  2476 | D:4      | Reached *** piety under Trog
  2477 | D:4      | Reached skill level 10 in Polearms
  2477 | D:4      | Reached XP level 7. HP: 48/52 MP: 7/7
  2631 | D:4      | Noticed Edmund
  2643 | D:4      | Killed Edmund
  3009 | D:3      | Killed tadhg's ghost
  3063 | D:3      | Reached XP level 8. HP: 57/58 MP: 8/8
  3188 | D:5      | Entered Level 5 of the Dungeon
  3479 | D:5      | Identified the +3 quarterstaff "Rual" {flame, rF+ Dex+6}
  4003 | D:6      | Reached skill level 1 in Shields
  4010 | D:6      | Found an opulent altar of Gozag.
  4025 | D:6      | Found an iron altar of Okawaru.
  4058 | D:6      | Reached **** piety under Trog
  4059 | D:6      | Reached skill level 4 in Fighting
  4123 | D:6      | Reached XP level 9. HP: 66/66 MP: 9/9
  4368 | D:6      | Found a snail-covered altar of Cheibriados.
  4377 | D:6      | Reached skill level 5 in Fighting
  4935 | D:7      | Reached skill level 6 in Fighting
  5146 | D:7      | Reached skill level 5 in Shields
  5253 | D:7      | Found a staircase to the Ecumenical Temple.
  5296 | D:7      | Reached skill level 7 in Fighting
  5537 | Temple   | Entered the Ecumenical Temple
  5557 | D:8      | Found a basalt altar of Yredelemnul.
  5632 | D:8      | Reached XP level 10. HP: 80/80 MP: 10/10
  5663 | D:8      | Reached ***** piety under Trog
  5664 | D:8      | Reached skill level 8 in Fighting
  5915 | D:8      | Found a shadowy altar of Dithmenos.
  5918 | D:8      | Found a shimmering blue altar of Sif Muna.
  6019 | D:8      | Found an ornate altar of the Wu Jian Council.
  6279 | D:9      | Found a staircase to the Lair.
  6287 | D:9      | Found a stormy altar of Qazlal.
  6378 | D:9      | Reached skill level 9 in Fighting
  6454 | D:9      | Found a staircase to the Orcish Mines.
  6553 | D:9      | Received a gift from Trog
  6685 | D:9      | Found an ancient bone altar of Kikubaaqudgha.
  6809 | D:9      | Reached skill level 10 in Fighting
  7149 | D:9      | Reached XP level 11. HP: 90/90 MP: 3/11
  7349 | D:9      | Reached skill level 10 in Shields
  7621 | D:10     | Entered Level 10 of the Dungeon
  7632 | D:10     | Found Kilir's General Store.
  7638 | D:10     | Bought a potion of curing for 39 gold pieces
  7638 | D:10     | Bought a scroll of identify for 26 gold pieces
  7662 | D:10     | Reached skill level 5 in Dodging
  7721 | D:10     | Noticed a two-headed ogre
  7728 | D:10     | Killed a two-headed ogre
  8003 | D:10     | Found Bipluopt's Armour Boutique.
  8023 | D:10     | Found Lephuc's General Store.
  8027 | D:10     | Bought a scroll of identify for 30 gold pieces
  8027 | D:10     | Bought a scroll of vulnerability for 60 gold pieces
  8030 | D:10     | Identified 2 scrolls of acquirement
  8033 | D:10     | Acquired the +9 kite shield "Eny Osoq" {rF++ Dex+4}
  8034 | D:10     | Acquired the +7 demon trident "Homoul" {elec, rC+ rN+ Will+
                  | Int+3}
  8122 | D:10     | Identified the +5 dagger of Votuid {drain, *Slow +Blink
                  | Will++ rCorr Int+4}
  8215 | D:10     | Found Agitwege's Antique Weapon Emporium.
  8602 | D:10     | Found Olism's Assorted Antiques.
  8611 | D:10     | Bought an inky potion for 26 gold pieces
  8919 | D:11     | Noticed a boulder beetle
  8930 | D:11     | Killed a boulder beetle
  8931 | D:11     | Reached skill level 5 in Armour
  8939 | D:11     | Noticed a cyclops
  8944 | D:11     | Killed a cyclops
  9030 | D:11     | Reached XP level 12. HP: 97/97 MP: 12/12
  9063 | D:11     | Found a gate leading to a gauntlet.
  9071 | Gauntlet | Entered a Gauntlet
  9071 | Gauntlet | Found a transporter.
  9080 | Gauntlet | Found a transporter.
  9081 | Gauntlet | Noticed a death scarab
  9082 | Gauntlet | Noticed a death scarab
  9092 | Gauntlet | Found a transporter.
  9092 | Gauntlet | Found the +2 pair of slick slippers {slick, slippery, EV+4}
  9096 | Gauntlet | Found a transporter.
  9098 | Gauntlet | Noticed a seven-headed hydra
  9116 | Gauntlet | Found a transporter.
  9126 | Gauntlet | Found a runed translucent door.
  9130 | Gauntlet | Found a transporter.
  9132 | Gauntlet | Noticed a dire elephant
  9142 | Gauntlet | Found a transporter.
  9159 | Gauntlet | Found a transporter.
  9163 | Gauntlet | Found a transporter.
  9174 | Gauntlet | Found a transporter.
  9198 | Gauntlet | Found a transporter.
  9198 | Gauntlet | Found a transporter.
  9228 | Gauntlet | Noticed a balrug
  9256 | Gauntlet | Killed a balrug
  9257 | Gauntlet | Reached skill level 1 in Evocations
  9295 | Gauntlet | Identified the ring of the Burning King {Fly Will+ Int+2}
  9335 | Gauntlet | Killed a dire elephant
  9389 | Gauntlet | Noticed a minotaur
  9400 | Gauntlet | Killed a minotaur
  9401 | Gauntlet | Reached skill level 5 in Evocations
  9409 | Gauntlet | Identified the staff of cold "Gaigarchuly" {rPois rC+ Will-
                  | Int+4 Stlth+}
  9420 | D:11     | Acquired a manual of Shields
  9905 | Lair:1   | Entered Level 1 of the Lair of Beasts
 10038 | D:10     | Bought a +3 chain mail of fire resistance for 291 gold
                  | pieces
 10563 | Lair:1   | Identified the +4 long sword of Reyhux {heavy, rC+}
 10571 | Lair:1   | You fall into a shaft and drop 1 floor!
 11250 | Lair:2   | Reached XP level 13. HP: 103/103 MP: 13/13
 11378 | Lair:2   | Found a staircase to the Snake Pit.
 11525 | Lair:2   | Found a staircase to the Shoals.
 11595 | Lair:3   | Found a transporter.
 11600 | Lair:3   | Found a transporter.
 11600 | Lair:3   | Noticed raetorn's ghost (journeyman MiFi)
 11841 | Lair:3   | Received a gift from Trog
 11852 | Lair:3   | Reached skill level 15 in Shields
 12545 | Lair:4   | Noticed Nessos
 12567 | Lair:4   | Killed Nessos
 12984 | Lair:4   | Identified the +2 trident of Perfectionism {heavy, rC++
                  | Will+}
 13010 | Lair:4   | Found a viscous altar of Jiyva.
 13064 | Lair:4   | Found a staircase to the Slime Pits.
 13312 | Lair:5   | Entered Level 5 of the Lair of Beasts
 13818 | Lair:5   | Reached XP level 14. HP: 110/110 MP: 14/14
 14110 | Lair:5   | Reached ****** piety under Trog
 14666 | Lair:5   | Found a corrupted altar of Lugonu.
 14666 | Lair:5   | Found a one-way gate to the infinite horrors of the Abyss.
 14927 | Orc:1    | Entered Level 1 of the Orcish Mines
 15425 | Orc:2    | Entered Level 2 of the Orcish Mines
 15432 | Orc:2    | Received a gift from Trog
 15603 | Orc:2    | Found a staircase to the Elven Halls.
 15941 | Orc:2    | Noticed an orc warlord
 16002 | Orc:2    | Killed an orc warlord
 16059 | Orc:2    | Received a gift from Trog
 16529 | Orc:2    | Found Cuetun's Antique Armour Shoppe.
 16567 | Orc:2    | Found Amoeff's General Store.
 16567 | Orc:2    | Found Tefustrai's Jewellery Emporium.
 16569 | Orc:2    | Found Geubbu's Antique Weapon Shoppe.
 16583 | Orc:2    | Bought a scroll of teleportation for 39 gold pieces
 16583 | Orc:2    | Bought a potion of lignification for 39 gold pieces
 16705 | Orc:2    | Bought the ring of Jeoda {rC+ Str+6 Dex+3 Stlth+} for 1063
                  | gold pieces
 16877 | D:12     | Noticed Erolcha
 16886 | D:12     | Killed Erolcha
 16917 | D:12     | Reached XP level 15. HP: 115/115 MP: 15/15
 16935 | D:12     | Identified the +0 spear of Ebleg Uxtem {spect, rCorr SInv}
 17033 | D:12     | Received a gift from Trog
 17690 | D:13     | Noticed Frances
 17702 | D:13     | Killed Frances
 18326 | D:13     | Found a gate to the Vaults.
 18369 | D:13     | Reached skill level 11 in Fighting
 18375 | D:13     | Reached skill level 15 in Polearms
 18395 | D:13     | Reached skill level 10 in Dodging
 18799 | D:14     | Found a shadowy altar of Dithmenos.
 19044 | D:14     | Received a gift from Trog
 19426 | D:14     | You fall into a shaft and drop 1 floor!
 19426 | D:15     | Entered Level 15 of the Dungeon
 19743 | D:15     | Reached XP level 16. HP: 127/127 MP: 16/16
 19990 | D:15     | Found a staircase to the Depths.
 20028 | D:15     | Reached skill level 12 in Fighting
 20918 | Snake:1  | Entered Level 1 of the Snake Pit
 21410 | Orc:2    | Bought a ring of poison resistance for 360 gold pieces
 21857 | Snake:1  | Noticed a nagaraja
 21884 | Snake:1  | Killed a nagaraja
 22027 | Snake:1  | Noticed Louise
 22060 | Snake:1  | Killed Louise
 22165 | Snake:1  | Noticed Aizul
 22182 | Snake:1  | Killed Aizul
 22578 | Snake:2  | Found a broken altar of Ashenzari.
 22889 | Snake:2  | Received a gift from Trog
 22918 | Snake:2  | You fall into a shaft and drop 1 floor!
 22968 | Snake:3  | Reached skill level 13 in Fighting
 23237 | Snake:2  | Found a frozen archway.
 23281 | IceCv    | Entered an ice cave
 23299 | IceCv    | Found a transporter.
 23357 | IceCv    | Found a transporter.
 23706 | IceCv    | Identified the ring "Teutiahe" {Ice rElec rPois rN+ Dex-5}
 24393 | Snake:1  | Reached XP level 17. HP: 137/137 MP: 17/17
 25547 | Snake:3  | Reached skill level 14 in Fighting
 25549 | Snake:3  | Received a gift from Trog
 25602 | Snake:3  | Found Poateint's Weapon Emporium.
 25698 | Snake:3  | Found a transporter.
 25790 | Snake:3  | Identified the ring "Vebaj" {*Slow rPois Int+6 Dex+6
                  | Stlth+}
 25828 | Snake:3  | Found a transporter.
 26072 | Snake:4  | Entered Level 4 of the Snake Pit
 26538 | Snake:4  | Reached skill level 15 in Dodging
 26783 | Snake:4  | Reached skill level 10 in Armour
 26804 | Snake:4  | Noticed Vashnia
 26817 | Snake:4  | Killed Vashnia
 27011 | Snake:4  | Noticed a walking frostbound tome
 27013 | Snake:4  | Noticed a walking divine tome
 27014 | Snake:4  | Found Jevepsas's Book Shoppe.
 27039 | Snake:4  | Identified the +0 pair of gloves of the Slug {Int+3}
 27039 | Snake:4  | Noticed Nikola
 27064 | Snake:4  | Killed Nikola
 27200 | Snake:4  | Reached skill level 15 in Fighting
 27245 | Snake:4  | Found Nagos's Antique Armour Boutique.
 27245 | Snake:4  | Found Zivynlut's Antique Armour Shop.
 27289 | Snake:4  | Bought a spiked ring mail for 315 gold pieces
 27289 | Snake:4  | Identified the +0 ring mail of Vuuteh {*Corrode rN+ Dex+2}
                  | (You bought it in a shop on level 4 of the Snake Pit)
 28047 | Snake:4  | Reached XP level 18. HP: 101/149 MP: 18/18
 28195 | Snake:4  | Received a gift from Trog
 28646 | Snake:4  | Got a serpentine rune of Zot
 28935 | Shoals:1 | Entered Level 1 of the Shoals
 28935 | Shoals:1 | Noticed Mlioglotl
 28965 | Lair:2   | Killed Mlioglotl
 29133 | Shoals:1 | Identified the +2 long sword of Amorous Expedience {vamp,
                  | rF- rCorr Dex+6 Stlth+}
 29403 | Shoals:1 | Received a gift from Trog
 29606 | Shoals:1 | Found Nudgh's Armour Shop.
 29710 | Shoals:1 | Found the +2 hat of the Bear Spirit {Spirit, Bear, *Rage
                  | Will++}
 31493 | Shoals:3 | Received a gift from Trog
 31551 | Shoals:3 | Reached XP level 19. HP: 157/157 MP: 19/19
 31611 | Shoals:3 | Reached skill level 16 in Fighting
 31814 | Shoals:3 | Found a runed translucent door.
 32183 | Shoals:3 | Noticed Zedyvir's ghost (adept DsCj)
 32195 | Shoals:3 | Killed Zedyvir's ghost
 32205 | Shoals:3 | Identified the staff of death "Tyruon" {Contam rElec rN+
                  | rCorr MP+9}
 32232 | Shoals:4 | Entered Level 4 of the Shoals
 32964 | Shoals:4 | Identified the +11 plate armour of Divine Compulsion {Will-
                  | Int-2 Slay+4 SInv}
 33014 | Shoals:4 | Identified Roxanne's Book of Clay
 33014 | Shoals:4 | Noticed Roxanne
 33060 | Shoals:4 | Noticed Ilsuiw
 33149 | Shoals:4 | Killed Ilsuiw
 33241 | Shoals:4 | Killed Roxanne
 33658 | Shoals:4 | Reached skill level 17 in Fighting
 33778 | Shoals:4 | Got a barnacled rune of Zot
 34682 | Vaults:1 | Entered Level 1 of the Vaults
 34726 | Vaults:1 | Received a gift from Trog
 35133 | Vaults:1 | Identified the +7 scimitar of Duty {freeze, rF+}
 35257 | Vaults:1 | Received a gift from Trog
 35330 | Vaults:1 | Found a crumbling gateway.
 35344 | Desolati | Entered the Desolation of Salt
 35368 | Desolati | Reached skill level 18 in Fighting
 35394 | Desolati | Reached XP level 20. HP: 150/170 MP: 17/20
 35741 | Desolati | Identified the +5 trident "Fatasoek" {antimagic, rPois rC+}
                  | (Trog gifted it to you in the Desolation of Salt)
 35741 | Desolati | Received a gift from Trog
 35742 | Desolati | Reached skill level 10 in Evocations
 35820 | Desolati | Identified the +0 pair of gloves of Uhuuf {Fly}
 35896 | Desolati | Identified the staff of fire "Qunwuist" {*Corrode rF+ Will+
                  | Int+3}
 35994 | Desolati | Identified the ring of Cith {AC+4 Dex+4}
 36420 | Desolati | Identified the amulet "Joyrhen" {Regen+ Str+2}
 36423 | Desolati | Identified the ring of Keirigh {Ice Slay+2}
 36937 | Vaults:1 | Found a portal to a secret trove of treasure.
 37099 | Vaults:1 | You fall into a shaft and drop 1 floor!
 37550 | Vaults:2 | Noticed Mennas
 37566 | Vaults:2 | Killed Mennas
 37566 | Vaults:2 | Received a gift from Trog
 37601 | Vaults:2 | Found Lalynoso's Jewellery Emporium.
 37721 | Vaults:2 | Noticed Saint Roka
 37750 | Vaults:2 | Killed Saint Roka
 37770 | Vaults:2 | Noticed Jory
 37772 | Vaults:2 | Noticed Margery
 37782 | Vaults:2 | Killed Margery
 37783 | Vaults:2 | Reached XP level 21. HP: 134/177 MP: 16/21
 38261 | Vaults:2 | Reached skill level 15 in Evocations
 38557 | Vaults:2 | Noticed Mara
 38568 | Vaults:2 | Killed Mara
 38690 | Vaults:2 | Found a staircase to the Crypt.
 38690 | Vaults:2 | Found a basalt altar of Yredelemnul.
 38690 | Vaults:2 | Found an ancient bone altar of Kikubaaqudgha.
 38775 | Vaults:2 | Killed Jory
 39447 | Vaults:3 | Found Peolu's Magic Scroll Shop.
 39461 | Vaults:3 | Bought a scroll of magic mapping for 157 gold pieces
 39461 | Vaults:3 | Bought a scroll of fog for 84 gold pieces
 39526 | Vaults:3 | Received a gift from Trog
 40166 | Vaults:3 | Gained mutation: You are frail. (-10% HP) [a shining eye]
 40205 | Vaults:3 | Identified the staff of poison "Qauptit" {rPois Str+4}
 40840 | Vaults:4 | Received a gift from Trog
 41782 | Vaults:4 | Reached XP level 22. HP: 165/165 MP: 22/22
 42383 | Vaults:4 | Received a gift from Trog
 43134 | Elf:1    | Entered Level 1 of the Elven Halls
 43264 | Elf:1    | Found Mudghu's Weapon Boutique.
 43551 | Elf:1    | Found Olau's Antique Armour Shop.
 43552 | Elf:1    | Found Xitrial's Book Shop.
 43813 | Elf:1    | Found Ovecw's Antique Armour Shoppe.
 43821 | Elf:1    | Bought a pair of runed gloves for 180 gold pieces
 43821 | Elf:1    | Bought a pair of runed boots for 180 gold pieces
 44011 | Elf:1    | Received a gift from Trog
 44161 | Elf:2    | Noticed Zenata
 44173 | Elf:2    | Killed Zenata
 44173 | Abyss:3  | Cast into level 3 of the Abyss (+0 long sword of
                  | distortion)
 44264 | Abyss:3  | Gained mutation: Your spells are a little easier to cast,
                  | but a little less powerful. [a neqoxec]
 44266 | Abyss:3  | Gained mutation: Armour fits poorly on your strangely
                  | shaped body. [a neqoxec]
 44298 | Abyss:3  | Reached skill level 19 in Fighting
 44376 | Abyss:3  | Paralysed by accursed screaming for 1 turns
 44444 | Abyss:3  | Paralysed by accursed screaming for 1 turns
 44447 | Elf:2    | Escaped the Abyss
 44853 | Elf:2    | Found a runed translucent gate.
 44853 | Elf:2    | Found a runed translucent gate.
 44853 | Elf:2    | Found a runed translucent gate.
 44853 | Elf:2    | Noticed infcreate's ghost (adept DECj)
 44859 | Elf:2    | Found a viscous altar of Jiyva.
 44881 | Elf:2    | Identified the +0 chain mail of the Butcher {Str+5}
 45056 | Elf:2    | Found a runed translucent gate.
 45056 | Elf:2    | Found a runed translucent gate.
 45056 | Elf:2    | Found a runed translucent gate.
 45129 | Elf:3    | Entered Level 3 of the Elven Halls
 45264 | Elf:3    | Reached skill level 20 in Fighting
 45544 | Elf:3    | Received a gift from Trog
 45579 | Elf:3    | Found a radiant altar of Vehumet.
 45743 | Elf:3    | Reached XP level 23. HP: 178/178 MP: 23/23
 46362 | Elf:3    | Reached skill level 21 in Fighting
 46420 | Elf:3    | Identified the +7 battleaxe "Zariax" {drain, *Slow rElec
                  | Stlth+}
 46503 | Elf:3    | Identified the +11 dagger "Ylues" {vamp, rPois Will+ Dex+4}
 46575 | Elf:3    | Identified the +9 falchion "Nuve" {spect, Dex+5}
 46585 | Elf:3    | Identified the ring of Ulebeth {rElec rN++ Int+6}
 46597 | Elf:3    | Lost mutation: Armour fits poorly on your strangely shaped
                  | body. [potion of mutation]
 46597 | Elf:3    | Lost mutation: You are frail. (-10% HP) [potion of
                  | mutation]
 46597 | Elf:3    | Lost mutation: Your spells are a little easier to cast, but
                  | a little less powerful. [potion of mutation]
 46597 | Elf:3    | Gained mutation: You have very sharp teeth. [potion of
                  | mutation]
 46597 | Elf:3    | Gained mutation: You are agile. (Dex +4, Str/Int -1)
                  | [potion of mutation]
 46597 | Elf:3    | Gained mutation: Your muscles are strong. (Str +4, Int/Dex
                  | -1) [potion of mutation]
 46674 | Elf:3    | Received a gift from Trog
 46810 | Elf:3    | Identified the ring of Fojof {Fire Str+3}
 46812 | Elf:3    | Identified the ring of the Painted God {Ice Slay+2}
 46851 | Elf:3    | Identified the ring "Ysmaty" {MP+9 Int+3}
 46858 | Elf:3    | Identified the staff of earth "Tiatseir" {rF+ rC++ Will+
                  | Int-2}
 47365 | Elf:2    | Reached skill level 22 in Fighting
 47773 | Lair:3   | Killed raetorn's ghost
 48153 | Vaults:1 | You paid a toll of a +7 demon whip to enter a treasure
                  | trove
 48154 | Trove    | Entered a treasure trove
 48159 | Trove    | Found the +18 shield of the Gong {Loud rN+ Will+ rCorr
                  | EV-5}
 48161 | Trove    | Identified the +11 plate armour "Babunyc" {Harm Regen+
                  | Str-4 Int+8}
 48167 | Trove    | Identified the ring "Jeen" {Ice rN+ Int+3 Stlth-}
 48169 | Trove    | Identified the +1 chain mail of Lugonu's Condemnation
                  | {Dex+3}
 48185 | Trove    | Identified the +0 pair of gloves of the Trombone {Contam
                  | +Inv Dex+3}
 48367 | Depths:1 | Entered Level 1 of the Depths
 48816 | Depths:1 | Found a glowing golden altar of the Shining One.
 48958 | Depths:1 | Received a gift from Trog
 49061 | Depths:1 | Found a gateway to Hell.
 49198 | Depths:2 | Paralysed by a floating eye for 4 turns
 49467 | Depths:2 | Reached skill level 23 in Fighting
 49967 | Depths:2 | Found a shimmering blue altar of Sif Muna.
 50043 | Depths:2 | Paralysed by a floating eye for 2 turns
 50076 | Depths:2 | Noticed a dread lich
 50087 | Depths:2 | Killed a dread lich
 50097 | Depths:2 | Reached skill level 24 in Fighting
 50224 | Depths:2 | Found a one-way gate leading to the halls of Pandemonium.
 50502 | Depths:2 | Reached XP level 24. HP: 217/217 MP: 23/23
 50528 | Depths:3 | Found Xeric's Assorted Antiques.
 50655 | Depths:3 | Received a gift from Trog
 50718 | Depths:3 | Paralysed by a floating eye for 3 turns
 50810 | Depths:3 | Found a one-way gateway to a ziggurat.
 51192 | Depths:3 | You fall into a shaft and drop 1 floor!
 51192 | Depths:4 | Entered Level 4 of the Depths
 51230 | Depths:4 | Reached skill level 25 in Fighting
 51305 | Depths:4 | Found a gate to the Realm of Zot.
 51615 | Depths:4 | Received a gift from Trog
 52151 | Depths:3 | Noticed a caustic shrike
 52164 | Depths:3 | Killed a caustic shrike
 52165 | Depths:3 | Reached skill level 26 in Fighting
 52386 | Depths:3 | Found the +5 glaive of the Guard {elec, spectral, AC+5}
 52559 | Depths:3 | Received a gift from Trog
 52943 | Depths:4 | Found the ring of Shadows {Umbra +Inv Stlth+}
 53075 | Depths:4 | Found Woqiak's General Store.
 53230 | Depths:3 | Voluntarily entered the Abyss.
 53304 | Abyss:4  | Noticed an ancient lich
 53319 | Abyss:4  | Killed an ancient lich
 53442 | Abyss:4  | Reached skill level 27 in Fighting
 53491 | Depths:3 | Escaped the Abyss
 53672 | Depths:3 | Voluntarily entered the Abyss.
 53757 | Abyss:5  | Reached XP level 25. HP: 165/234 MP: 23/23
 53898 | Abyss:5  | Lost mutation: You are agile. (Dex +4, Str/Int -1) [a
                  | neqoxec]
 53987 | Depths:3 | Escaped the Abyss
 54272 | Depths:3 | Voluntarily entered the Abyss.
 54274 | Abyss:5  | Found a corrupted altar of Lugonu.
 54287 | Abyss:5  | Received a gift from Trog
 54636 | Abyss:5  | Gained mutation: You are clumsy. (Dex -2) [a neqoxec]
 54673 | Abyss:5  | Received a gift from Trog
 54737 | Abyss:5  | Gained mutation: Your spells are a little easier to cast,
                  | but a little less powerful. [a neqoxec]
 54808 | Depths:3 | Escaped the Abyss
 55061 | Depths:3 | Voluntarily entered the Abyss.
 55156 | Abyss:6  | Paralysed by accursed screaming for 1 turns
 55190 | Abyss:6  | Identified the +4 broad axe of Rapt {heavy, Will+} (Trog
                  | gifted it to you on level 6 of the Abyss)
 55190 | Abyss:6  | Received a gift from Trog
 55190 | Abyss:6  | Found a corrupted altar of Lugonu.
 55191 | Abyss:6  | Reached skill level 15 in Armour
 55462 | Abyss:6  | Reached XP level 26. HP: 166/217 MP: 21/23
 55533 | Abyss:6  | Gained mutation: You are vulnerable to cold. (rC-) [a
                  | neqoxec]
 55576 | Abyss:6  | Received a gift from Trog
 55615 | Depths:3 | Escaped the Abyss
 55902 | Depths:3 | Lost mutation: Your muscles are strong. (Str +4, Int/Dex
                  | -1) [potion of mutation]
 55902 | Depths:3 | Lost mutation: You have very sharp teeth. [potion of
                  | mutation]
 55902 | Depths:3 | Gained mutation: Your body sometimes deteriorates upon
                  | taking damage. [potion of mutation]
 55902 | Depths:3 | Gained mutation: You occasionally lose the ability to read
                  | scrolls when taking damage. [potion of mutation]
 55902 | Depths:3 | Gained mutation: You have a pair of small antennae on your
                  | head. [potion of mutation]
 55903 | Depths:3 | Lost mutation: Your spells are a little easier to cast, but
                  | a little less powerful. [potion of mutation]
 55903 | Depths:3 | Lost mutation: Your body sometimes deteriorates upon taking
                  | damage. [potion of mutation]
 55903 | Depths:3 | Lost mutation: You have a pair of small antennae on your
                  | head. [potion of mutation]
 55903 | Depths:3 | Lost mutation: You are clumsy. (Dex -2) [potion of
                  | mutation]
 55904 | Depths:3 | Lost mutation: You occasionally lose the ability to read
                  | scrolls when taking damage. [potion of mutation]
 55904 | Depths:3 | Lost mutation: You are vulnerable to cold. (rC-) [potion of
                  | mutation]
 55904 | Depths:3 | Gained mutation: You are agile. (Dex +4, Str/Int -1)
                  | [potion of mutation]
 55904 | Depths:3 | Gained mutation: You passively map a small area around you.
                  | [potion of mutation]
 55907 | Depths:3 | Voluntarily entered the Abyss.
 55907 | Abyss:6  | Found a corrupted altar of Lugonu.
 55930 | Abyss:6  | Paralysed by accursed screaming for 1 turns
 55935 | Abyss:6  | Paralysed by accursed screaming for 2 turns
 55937 | Abyss:6  | Noticed an ancient lich
 55979 | Abyss:6  | Killed an ancient lich
 56003 | Abyss:6  | Noticed a juggernaut
 56017 | Abyss:6  | Noticed a dread lich
 56022 | Abyss:6  | Killed a juggernaut
 56028 | Abyss:6  | HP: 9/193 [blizzard demon/the air[a dread lich] (18)]
 56034 | Abyss:6  | HP: 3/193 [ophan/bolt of fire (29)]
 56035 | Abyss:6  | Found a glowing golden altar of the Shining One.
 56067 | Abyss:6  | Killed a dread lich
 56100 | Abyss:6  | Blown up by a lich

Illustrated notes

Levels and vault maps discovered:
D:1:      scummos_arrival_simple_crosswalls, layout_basic
D:2:      layout_basic, uniq_natasha
D:3:      layout_loops_ring, marbit_many_paths, gammafunk_ghost_gnarly_gnolls
D:4:      layout_rooms, hellmonk_ghost_happy_afterlife, feat_on_display,
          uniq_edmund
D:5:      layout_loops_ring
D:6:      layout_basic, grunt_gozag_statues, okawaru_gym_becter,
          mainiacjoe_overflow_small_starburst, kennysheep_decorative_pillar
D:7:      kennysheep_steamy, layout_rooms, minmay_temple_entry_nine_rooms,
          minivault_26
D:8:      layout_cave_pools, mainiacjoe_overflow_tiny_flanked,
          nicolae_wu_jian_immortal_techniques, nicolae_overflow_squiral
D:9:      kennysheep_six_static_rooms, layout_irregular_city,
          grunt_qazlal_sundering, mainiacjoe_overflow_chevrons, david_orc_5,
          kennysheep_dice
D:10:     layout_gridville, serial_shops, shop, shop, shop, shop,
          nicolae_inconvenience_store
D:11:     layout_irregular_city, gauntlet_entry_generic
D:12:     layout_loops_ring, einodemon_barbed_minivault, uniq_erolcha
D:13:     layout_rooms, grunt_vaults_entry_tiered, uniq_frances
D:14:     minmay_slanted_spiral_squares, layout_long_grid,
          grunt_dithmenos_shadows
D:15:     gammafunk_depths_entry_grave, layout_basic, hangedman_decor_riveting,
          minmay_puff
Temple:   nicolae_temple_godzebo
Lair:1:   layout_regular_city, minmay_stone_trees_small,
          infiniplex_staircase_pool_2
Lair:2:   layout_long_grid, elwin_shoals_entry_rocks,
          nicolae_snake_entry_warm_welcome
Lair:3:   layout_regular_city, gammafunk_ghost_arena,
          grunt_forest_large_clearings, serial_bayou_shore_a
Lair:4:   layout_regular_city, nicolae_slime_entry_field_trip,
          minmay_lair_drake_nest, uniq_nessos
Lair:5:   hellmonk_lair_end_abyssal_woods, layout_cave_pods, ldierk_geyser
Shoals:1: layout_shoals, serial_shops, nicolae_shop_hallway_plus,
          nicolae_shoals_spring_well_temple, uniq_mlioglotl
Shoals:2: layout_shoals
Shoals:3: layout_shoals, ebering_ghost_reflecting_pool
Shoals:4: shoals_end_grunt_ice, layout_shoals, shoals_ilsuiw_ice, uniq_roxanne
Snake:1:  layout_basic, st_stairs_8, grunt_megastairs_4, serial_bayou_shore_b,
          uniq_aizul, uniq_louise
Snake:2:  layout_grid_shapes, portal_ice_cave_entry_ice_simulacra, basic_altar,
          grunt_megastairs_1
Snake:3:  gammafunk_the_bubble [the_bubble_gammafunk_crates], layout_onion,
          serial_shops, nicolae_shop_real_fake_doors,
          nicolae_coiled_stairwell_down
Snake:4:  snake_pit_salamanders_mu, layout_layer_cave, serial_shops,
          nicolae_shop_mannequins, minmay_shoptagon, uniq_vashnia, uniq_nikola
Orc:1:    layout_caves
Orc:2:    st_orc_congregation, layout_caves, mines1_david
Elf:1:    nicolae_elf_arrival_no_cutting_in_line, layout_loops_corners,
          serial_shops, nicolae_shop_advertising_works
          [nicolae_subvault_shop_adworks], shop, shop,
          nicolae_shop_tiny_statue_garden, hangedman_elf_disciples
Elf:2:    elven_hall_of_blades_hangedman_original
          [nicolae_blade_entry_hurt_lockers], layout_rooms,
          gammafunk_ghost_ooze, uniq_zenata
Elf:3:    minmay_elf_hall, layout_geoelf_octagon, lemuel_statue_altar,
          st_stairs_8, dreamdust_deal_with_the_devil, lemuel_flame_loot_1
Vaults:1: portal_desolation_entry_ruin, nicolae_vaults_three_branches,
          v_rooms_1, vaults_mumra_chevron_long, v_alt_pattern_6,
          nicolae_vaults_ring_of_whatevers, nicolae_vaults_trapezoid_2,
          nicolae_vaults_house_1, vaults_mumra_bighexcomb,
          nicolae_vaults_double_plus_1, vaults_room_pool,
          nicolae_vaults_shelves_hall, nicolae_vaults_apartment_2,
          layout_vaults_big_room, nicolae_trove_entry_isolated
Vaults:2: nicolae_vaults_little_squares_3, minmay_crypt_entry_necro_gods,
          nicolae_vaults_disjoint_gnomons, nicolae_vaults_puzzle_piece,
          vaults_room_fours, ontoclasm_vaults_ring_large,
          nicolae_vaults_little_squares_6, nicolae_vaults_tetromino_Z_2,
          ontoclasm_vaults_loading_screen, nicolae_vaults_meeting,
          vaults_standard_mumra_x, nicolae_vaults_asterisk,
          nicolae_vaults_storage_room_statues, vaults_room_grunt_arrival_ludios,
          layout_vaults_ring, serial_shops, shop, uniq_jory, uniq_mennas,
          uniq_mara, uniq_saint_roka, uniq_margery
Vaults:3: nicolae_vaults_border_crossing, nicolae_vaults_network_s,
          nicolae_vaults_sealed_display, v_alt_pattern_5,
          nicolae_vaults_closet_pinwheel_1, nicolae_vaults_tetromino_T_2,
          nicolae_vaults_enemy_cabinets, nicolae_vaults_surprise_closet,
          nicolae_vaults_house_2, layout_vaults_omnigrid, serial_shops,
          nicolae_shop_tiny_real_fake_doors
Vaults:4: nicolae_vaults_halls_meeting, grunt_vaults_hallway_long, v_rooms_6,
          nicolae_vaults_rhombus_7, nicolae_vaults_mini_display_case,
          v_pattern_5, nicolae_vaults_more_shelving_2,
          nicolae_vaults_yaktaur_gun_rack, nicolae_vaults_disjoint_gnomons,
          grunt_vaults_hallway_long, vaults_room_pool, nicolae_vaults_asterisk,
          nicolae_vaults_layer_cake_slice, nicolae_vaults_two_Ls,
          layout_vaults_maze
Depths:1: layout_gridville, grunt_hell_entry_demonic_statue, nrook_campfire,
          tso_metal_star
Depths:2: hellmonk_paralyzer, layout_long_grid, pan_entry, hell_entry,
          lemuel_crystal_altar
Depths:3: minmay_guarded_unrand_guard, layout_cave_pools, enter_ziggurat_c,
          minivault_14, serial_sigils, serial_sigils_hangedman_shear,
          serial_sigils_hangedman_gnaw, serial_sigils_hangedman_shear,
          serial_sigils_hangedman_shear, serial_shops, nicolae_shop_tiny_glass,
          grunt_hell_entry_dis_grunt, abyss_entry_small_statue_room,
          minmay_holes
Depths:4: evilmike_zot_entry_round, layout_gridlike, pf_dread_powers_of_hell,
          serial_shops, nicolae_shop_hallway_plus, hex_tiny,
          minmay_misc_feat_enclosed
Abyss:6:  base: Vaults:4, evilmike_abyss_exit_13,
          evilmike_abyss_rune_elephants_shrine, base: Vaults:4,
          hangedman_abyss_rune_macabre_mess, evilmike_abyss_exit_8,
          minivault_20, evilmike_abyss_exit_10,
          evilmike_nicolae_abyss_rune_containment_curve,
          hangedman_abyss_exit_choices,
          hangedman_abyss_or_decor_jellyfish_corner,
          gammafunk_abyss_rune_reverse_zot, base: Lair:4,
          hangedman_classic_abyss_death, minivault_19, minivault_1,
          evilmike_abyss_exit_chaos, evilmike_abyss_rune_tso_outpost,
          evilmike_abyss_rune_tso_outpost

Skill      XL: |  1  2  3  4  5  6  7  8  9 10 11 12 13 14 15 16 17 18 19 20 21 22 23 24 25 26 |
---------------+-------------------------------------------------------------------------------+-----
Polearms       | 5 6 7 8 10 12 14 15 16 17 20 | 20.0
Shields        | 2 6 9 10 12 17 20 | 20.0
Fighting       | 4 7 10 11 13 15 18 20 24 27 | 27.0
Dodging        | 8 11 13 16 18 | 18.0
Armour         | 5 6 7 9 10 12 16 17 | 17.1
Evocations     | 7 8 14 18 20 | 20.0

Action                     |  1- 3 |  4- 6 |  7- 9 | 10-12 | 13-15 | 16-18 | 19-21 | 22-24 | 25-27 || total
---------------------------+-------+-------+-------+-------+-------+-------+-------+-------+-------++-------
  Melee: Spear             |   113 |   152 |   308 |   542 |       |       |       |       |       ||  1115
         Punch             |     1 |       |       |       |       |       |       |       |       ||     1
         Tailslap          |       |     1 |       |     1 |     1 |    21 |    18 |       |     4 ||    46
         Trident           |       |    28 |    77 |       |       |       |       |       |       ||   105
         Demon trident     |       |       |       |   293 |  1268 |  1670 |  1731 |  1894 |  1097 ||  7953
         Bite              |       |       |       |       |       |       |       |   193 |   164 ||   357
 Invoke: Berserk           |       |     2 |     3 |     2 |       |     2 |       |       |     1 ||    10
         Brothers in Arms  |       |       |       |     2 |     2 |     1 |     3 |     2 |     6 ||    16
         Trog's Hand       |       |       |       |       |       |     8 |     5 |     4 |    16 ||    33
  Evoke: Wand              |       |       |       |       |       |       |       |       |     1 ||     1
         Phial of floods   |       |       |       |       |       |       |       |       |     1 ||     1
         Phantom mirror    |       |       |       |       |       |       |       |       |     1 ||     1
    Use: Scroll            |       |     2 |     3 |    11 |    15 |     2 |     4 |     5 |    13 ||    55
         Potion            |       |       |       |       |     1 |     2 |     2 |     2 |    16 ||    23
   Stab: Sleeping          |     4 |       |       |       |       |       |       |       |       ||     4
         Distracted        |       |       |       |       |     2 |     1 |       |     1 |     3 ||     7
         Petrified         |       |       |       |       |     1 |       |       |       |       ||     1
         Invisible         |       |       |       |       |       |       |       |       |     1 ||     1
 Armour: Animal skin       |    16 |       |       |       |       |       |       |       |       ||    16
         Scale mail        |     5 |    47 |    12 |       |       |       |       |       |       ||    64
         Ring mail         |       |       |    72 |    84 |       |       |       |       |       ||   156
         Chain mail        |       |       |       |    16 |   148 |   140 |    12 |       |       ||   316
         Plate armour      |       |       |       |       |       |       |   218 |   290 |   310 ||   818
  Dodge: Dodged            |    46 |    43 |    77 |   134 |   229 |   322 |   320 |   314 |   347 ||  1832
         Repelled          |       |       |       |       |    12 |    26 |     8 |    21 |    13 ||    80
  Block: Kite shield       |       |       |    84 |   335 |  1095 |  1472 |  1359 |  1327 |  1058 ||  6730
         Reflection        |       |       |       |       |    59 |   136 |    87 |    81 |    11 ||   374
